 Dungeon Crawl Stone Soup version 0.18-a0-995-gd892ad2 (console) character file.

9 FIQ the Magician (level 2, 17/19 HPs)
             Began as a Demonspawn Wanderer on Jan 5, 2016.
             Got out of the dungeon alive.
             The game lasted 00:04:08 (385 turns).

FIQ the Magician (Demonspawn Wanderer)               Turns: 385, Time: 00:04:08

Health: 17/19      AC:  2    Str:  9    XL:     2   Next: 3%
Magic:  9/9        EV: 11    Int: 16    God:
Gold:   30         SH:  0    Dex: 12    Spells: 1 memorised, 12 levels left

rFire  . . .     SeeInvis .     e - +0 dagger
rCold  . . .     Gourm    .     d - +0 robe
rNeg   . . .     Faith    .     (no shield)
rPois  .         Spirit   .     (helmet restricted)
rElec  .         Dismiss  .     (no cloak)
rCorr  .         Reflect  .     (no gloves)
SustAt .         Harm     .     (no boots)
MR     .....                    (no amulet)
Stlth  ++........               (no ring)
                                (no ring)

@: not resistant to hostile enchantments, unstealthy
A: antennae 1
a: no special abilities


You escaped.
You were not hungry.

You visited 1 branch of the dungeon, and saw 1 of its levels.

You collected 30 gold pieces.

Inventory:

Hand Weapons
 e - a +0 dagger (weapon)
Armour
 d - a +0 robe (worn)
Scrolls
 h - a scroll of identify {unknown}
Potions
 b - a potion of lignification
 i - a potion of magic {unknown}
Books
 a - a book of Minor Magic

   Spells                             Type                      Level
   a - Magic Dart                     Conjuration                  1
   b - Blink                          Translocation                2
   c - Call Imp                       Summoning                    2
   d - Repel Missiles                 Charms/Air                   2
   e - Slow                           Hexes                        2
   f - Conjure Flame                  Conjuration/Fire             3
   g - Mephitic Cloud                 Conjuration/Poison/Air       3
 c - the Tome of Evil Rituals

   Spells                             Type                      Level
   a - Pain                           Necromancy                   1
   b - Sublimation of Blood           Necromancy                   2
Comestibles
 f - a bread ration


   Skills:
 - Level 1.0 Stealth
   Level 1.0 Shields
 + Level 6.2 Spellcasting
 - Level 2.1 Necromancy


You had 12 spell levels left.
You knew the following spells:

 Your Spells              Type           Power        Failure   Level  Hunger
a - Pain                  Necr           ##..         8%          1    None


Dungeon Overview and Level Annotations

Branches:
Dungeon (1/15)

Altars:


Innate Abilities, Weirdness & Mutations

You have a pair of small antennae on your head.


Message History

The giant gecko convulses in agony!
Casting: Pain
Confirm with . or Enter, or press ? or * to list all spells.
Aiming: Pain
Press: ? - help, Shift-Dir - straight line, f/p - giant gecko
Aim: a giant gecko (almost dead, clinging, chance to defeat MR: 91%)
The giant gecko convulses in agony!
You kill the giant gecko!
You have reached level 2!
You feel monstrous as your demonic heritage exerts itself.
Your demonic ancestry asserts itself...
A pair of antennae grows on your head!
There's nothing to open nearby.
Some of the chunks of flesh in your inventory have rotted away.
You see here a club.
Your magical contamination has completely faded away.
All of the chunks of flesh in your inventory have rotted away.
There is a staircase leading out of the dungeon here.
Are you sure you want to leave the Dungeon?
This will make you lose the game!
You have escaped!

########## #........#
#####.######.#
#≈≈≈♣≈♣≈≈≈≈#.#########
#≈ ♣...P..≈#..........
#≈♣♣♣.PPP.≈######.####
#≈.♣...P..≈# #.#
###♣.......♣♣### #.#
#..≈...@.......# #.#
#.#♣.......♣♣#.# #.# #
#≈.P......≈#.####.#
#≈PPP.....≈#......#
#≈.P......≈########
#≈≈≈♣≈♣≈≈≈≈#
#####.###### ### #.
#.##.# #####.. #.
#....# #...... #.
#.#####.# #.###..
#.###.## #.# #.##...


There were no monsters in sight!

Vanquished Creatures
  A giant gecko (D:1)
  2 giant cockroaches (D:1)
  2 hobgoblins (D:1)
  A goblin (D:1)
  A kobold (D:1)
7 creatures vanquished.

Vanquished Creatures (others)
  5 toadstools (D:1)
5 creatures vanquished.

Grand Total: 12 creatures vanquished

Notes
Turn   | Place    | Note
--------------------------------------------------------------
     0 | D:1      | FIQ the Demonspawn Wanderer began the quest for the Orb.
     0 | D:1      | FIQ set off with: a book of Minor Magic, a potion of lignification, the Tome of Evil Rituals, a +0 robe, a +0 dagger, a bread ration
     0 | D:1      | Reached XP level 1. HP: 13/13 MP: 7/7
     0 | D:1      | Identified the Tome of Evil Rituals
     2 | D:1      | Learned a level 1 spell: Pain
   323 | D:1      | Gained mutation: You have a pair of small antennae on your head. [demonic ancestry]
   323 | D:1      | Reached XP level 2. HP: 14/19 MP: 2/9
   385 | D:$      | Got out of the dungeon alive.

Vault maps used:
D:1:      ldierk_walled_garden, hangedman_glass_teeth, hangedman_decor_points

Action                   || total
-------------------------++-------
 Cast: Pain              ||    14
